 Dungeon Crawl Stone Soup version 0.31-a0-219-g8d62b2e7bb (webtiles) character file.

Game seed: 9611535040723786646

690 qw the Chopper (level 7, -1/43 HPs)
             Began as a Gargoyle Fighter on July 3, 2023.
             Slain by Duvessa
             ... wielding a +2 rapier of venom
              (4 damage)
             ... on level 4 of the Dungeon.
             The game lasted 00:01:34 (3188 turns).

qw the Chopper (Gargoyle Fighter)                   Turns: 3188, Time: 00:01:35

Health: -1/43      AC: 17    Str: 22    XL:     7   Next: 63%
Magic:  7/7        EV:  8    Int:  8    God:
Gold:   97         SH:  4    Dex:  9    Spells: 6/6 levels left

rFire   . . .        Y - +0 war axe
rCold   . . .        c - +0 buckler
rNeg    + . .        f - +0 chain mail
rPois   inf          (no helmet)
rElec   +            (no cloak)
rCorr   .            (no gloves)
SInv    .            (no boots)
Will    .....        (no amulet) Stlth
                     g - +4 ring of protection
HPRegen 0.27/turn    (no ring)
MPRegen 0.10/turn

%: no passive effects
@: about to teleport
A: sickness immunity, AC +4, negative energy resistance 1, electricity
resistance, torment resistance 1, petrification resistance
a: no special abilities


You were on level 4 of the Dungeon.
You visited 1 branch of the dungeon, and saw 4 of its levels.

You collected 181 gold pieces.
You spent 84 gold pieces at shops.


Innate Abilities, Weirdness & Mutations

You are immune to sickness and miasma.
Your stone body is resilient. (AC +4)
You are immune to poison.
You resist negative energy. (rN+)
You are resistant to electric shocks. (rElec)
You are resistant to unholy torment.
You are immune to petrification.


   Skills:
 - Level 4.0 Fighting
 + Level 6.9 Axes
 - Level 1.2 Throwing
 - Level 3.2 Armour
 - Level 1.4 Dodging
 - Level 3.2 Shields


You had 6 spell levels left.
You didn't know any spells.
Your spell library was empty.

Inventory:

Hand Weapons
 i - a +4 flail
 Y - a +0 war axe (weapon)
Missiles
 a - 2 boomerangs
 o - a javelin (quivered)
Armour
 c - a +0 buckler (worn)
 f - a +0 chain mail (worn)
Jewellery
 g - a +4 ring of protection (left hand)
 h - a ring of fire
Scrolls
 b - a scroll of enchant armour
 j - 3 scrolls of identify
 l - a scroll of enchant weapon {unknown}
Potions
 d - a potion of might
 k - a potion of mutation

Dungeon Overview and Level Annotations

Branches:
Dungeon (4/15)
 Temple: D:4-7

Altars:

Shops:
D:2 ?

Annotations:
D:4 Duvessa


Message History

Dowan hits you with a +4 dagger.
You slash Dowan!
Dowan is severely wounded.
Dowan hits you with a +4 dagger!
Duvessa gestures with her weapon.
Dowan gestures at you while chanting. The puff of frost misses you.
You closely miss Dowan.
Dowan is severely wounded.
Dowan casts a spell at Duvessa.
Duvessa seems to speed up.
You miss Dowan.
Dowan is severely wounded.
Dowan hits you but does no damage.
You closely miss Dowan.
Dowan is severely wounded.
You barely miss Duvessa.
Duvessa hits you with a +2 rapier of venom.
You miss Dowan.
Dowan is severely wounded.
You barely miss Duvessa. Duvessa hits you but does no damage.
Dowan hits you but does no damage.
You slash Dowan!
You kill Dowan!
Duvessa screams, "No!
How DARE you!"
Duvessa goes berserk!
You closely miss Duvessa. You block Duvessa's attack.
Duvessa hits you with a +2 rapier of venom!
You hit Duvessa.
Duvessa is lightly wounded.
Duvessa hits you with a +2 rapier of venom!
Duvessa hits you with a +2 rapier of venom.
3187 ||| READING scroll of teleportation.
As you read the scroll of teleportation, it crumbles to dust.
You feel strangely unstable. You block Duvessa's attack.
You hit Duvessa but do no damage.
Duvessa is lightly wounded.
Duvessa hits you with a +2 rapier of venom.
You die...

###########
#...)@....#
..(....e###.#
.##(###.# #.#
# #.# #.#
#.###.###.#
#.....%...###
#.
#####.#####.##
#. #......#.#
#. ##+##
#######.##


You could see Duvessa (berserk, fast).

Vanquished Creatures
  A sky beast (D:4)
  A black bear (D:4)
  Blork the orc (D:4)
  2 scorpions
  Dowan (D:4)
  An orc priest (D:2)
  An iguana (D:4)
  3 orc wizards (D:3)
  3 gnolls (D:3)
  3 adders
  A worm (D:3)
  A dart slug (D:1)
  9 orcs
  8 ball pythons
  7 endoplasms
  2 giant cockroaches (D:1)
  7 goblins
  7 hobgoblins
  6 kobolds
  4 quokkas
  5 bats
  4 frilled lizards
  4 rats
82 creatures vanquished.

Notes
Turn   | Place    | Note
-------+----------+-------------------------------------------
     0 | D:1      | qw the Gargoyle Fighter began the quest for the Orb.
     0 | D:1      | Reached XP level 1. HP: 14/14 MP: 1/1
     0 | D:1      | 0 ||| qw: Version: 0.3-a-40-ge99b1a8
     0 | D:1      | 0 ||| qw: Game counter: 337
     0 | D:1      | 0 ||| qw: Melee chars always use a shield: true
     0 | D:1      | 0 ||| qw: God list: Okawaru
     0 | D:1      | 0 ||| qw: Allow faded altars: false
     0 | D:1      | 0 ||| qw: Do Orc after clearing Dungeon:15 true
     0 | D:1      | 0 ||| qw: Do second Lair branch before Depths: true
     0 | D:1      | 0 ||| qw: Lair rune preference: random
     0 | D:1      | 0 ||| qw: Goals: Normal, Zot:1-4, Slime:5, God:TSO, Crypt,
                  | Tomb, Abyss, Pan, Hells, Win
     0 | D:1      | 0 ||| PLANNING D:1-11
    36 | D:1      | Reached skill level 2 in Axes
    74 | D:1      | 74 ||| Stepping ~*~*~tactically~*~*~ (hiding).
    75 | D:1      | 75 ||| Stepping ~*~*~tactically~*~*~ (hiding).
   271 | D:1      | Reached XP level 2. HP: 19/19 MP: 2/2
   475 | D:1      | 475 ||| Stepping ~*~*~tactically~*~*~ (stealth).
   482 | D:1      | Reached skill level 3 in Axes
   495 | D:1      | Reached XP level 3. HP: 17/23 MP: 3/3
   535 | D:1      | Found a faded altar of an unknown god.
   909 | D:1      | 909 ||| DROPPING orb of guile.
   910 | D:1      | 910 ||| UPGRADING to +4 ring of protection.
   911 | D:1      | 911 ||| READING scroll labelled LYTINEOKLE.
   912 | D:1      | 912 ||| READING scroll labelled PUBRARPHE UHOEN.
  1329 | D:2      | Reached XP level 4. HP: 28/28 MP: 4/4
  1336 | D:2      | Reached skill level 4 in Axes
  1382 | D:2      | 1382 ||| Stepping ~*~*~tactically~*~*~ (stealth).
  1566 | D:2      | Found Syeleasmo's Magic Scroll Emporium.
  1575 | D:2      | 1575 ||| BUYING scroll of identify (28 gold).
  1575 | D:2      | Bought a scroll of identify for 28 gold pieces
  1575 | D:2      | 1575 ||| BUYING scroll of identify (28 gold).
  1575 | D:2      | Bought a scroll of identify for 28 gold pieces
  1575 | D:2      | 1575 ||| BUYING scroll of identify (28 gold).
  1575 | D:2      | Bought a scroll of identify for 28 gold pieces
  1575 | D:2      | 1575 ||| SHOPLISTING scroll of identify (28 gold, have 3).
  1575 | D:2      | 1575 ||| SHOPLISTING scroll of teleportation (42 gold, have
                  | 3).
  1986 | D:2      | 1986 ||| READING scroll labelled BERIPI COEJU.
  1987 | D:2      | 1987 ||| READING 2 scrolls labelled FUJAMELIEC.
  1992 | D:2      | 1992 ||| DRINKING 3 bubbling emerald potions.
  2025 | D:3      | 2025 ||| Stepping ~*~*~tactically~*~*~ (stealth).
  2030 | D:3      | 2030 ||| DRINKING 2 potions of curing.
  2030 | D:3      | 2030 ||| (to cure confusion)
  2034 | D:3      | Reached skill level 1 in Throwing
  2034 | D:3      | Reached XP level 5. HP: 29/32 MP: 5/5
  2073 | D:3      | 2073 ||| Stepping ~*~*~tactically~*~*~ (stealth).
  2171 | D:3      | 2171 ||| DROPPING +0 club.
  2405 | D:3      | Reached skill level 5 in Axes
  2429 | D:3      | 2429 ||| DRINKING potion of curing.
  2429 | D:3      | 2429 ||| (to cure confusion)
  2435 | D:3      | Reached XP level 6. HP: 25/38 MP: 6/6
  2607 | D:3      | 2607 ||| Stepping ~*~*~tactically~*~*~ (stealth).
  2609 | D:3      | 2609 ||| FLEEEEING.
  2641 | D:3      | Reached skill level 1 in Dodging
  2722 | D:3      | 2722 ||| UPGRADING to +0 chain mail.
  2732 | D:3      | 2732 ||| DROPPING +0 scale mail.
  2733 | D:3      | 2733 ||| READING scroll labelled KUFURI UFFIUPN.
  2734 | D:3      | 2734 ||| READING scroll labelled WOLEOT ZUVOOM.
  2735 | D:3      | 2735 ||| READING 4 scrolls of identify.
  2735 | D:3      | 2735 ||| IDENTIFYING fuming emerald potion
  2736 | D:3      | 2736 ||| READING 3 scrolls of identify.
  2736 | D:3      | 2736 ||| IDENTIFYING lumpy yellow potion
  2737 | D:3      | 2737 ||| DROPPING potion of berserk rage.
  2875 | D:4      | 2875 ||| DROPPING +0 flail.
  2888 | D:4      | Noticed Blork the orc
  2889 | D:4      | 2889 ||| Stepping ~*~*~tactically~*~*~ (hiding).
  2903 | D:4      | Killed Blork the orc
  2904 | D:4      | Reached XP level 7. HP: 19/43 MP: 7/7
  3064 | D:4      | Reached skill level 6 in Axes
  3172 | D:4      | Noticed Dowan
  3177 | D:4      | Noticed Duvessa
  3185 | D:4      | Killed Dowan
  3186 | D:4      | HP: 8/43 [Duvessa/+2 rapier of venom (13)]
  3186 | D:4      | HP: 2/43 [Duvessa/+2 rapier of venom (6)]
  3187 | D:4      | 3187 ||| READING scroll of teleportation.
  3188 | D:4      | Slain by Duvessa

Levels and vault maps discovered:
D:1:      erik_arrival_cave_to_civilisation [erik_arrival_cave_to_hall],
          layout_basic, basic_ecumenical_altar
D:2:      layout_basic, serial_shops, nicolae_shop_gibbet_a_chance,
          roderic_serpentine_path
D:3:      layout_basic, kennysheep_cross_room
D:4:      layout_loops_corners, uniq_blork_the_orc, uniq_duvessa, uniq_natasha

Skill      XL: |  1  2  3  4  5  6  7 |
---------------+----------------------+-----
Axes           | 2 3 4 5 6 |  6.9
Throwing       | 1 |  1.2
Fighting       | 4 |  4.0
Dodging        | 1 |  1.4
Armour         | |  3.2
Shields        | |  3.2

Action                     |  1- 3 |  4- 6 |  7- 9 || total
---------------------------+-------+-------+-------++-------
  Melee: War axe           |   121 |   106 |    37 ||   264
  Throw: Javelin           |       |    20 |     9 ||    29
         Boomerang         |       |     5 |       ||     5
    Use: Scroll            |     2 |     6 |     1 ||     9
         Potion            |       |     3 |       ||     3
 Armour: Scale mail        |    65 |    54 |       ||   119
         Chain mail        |       |    10 |    27 ||    37
  Dodge: Dodged            |    62 |    33 |     5 ||   100
  Block: Buckler           |    20 |    20 |     3 ||    43

Table legend:
 A = Non-vault XP
 B = Vault XP
 C = Vault XP percentage of total XP
 D = Non-vault monster count
 E = Vault monster count
 F = Vault count percentage of total count
                 A         B        C        D         E       F
            +---------+---------+-------+---------+---------+-------
      Total |     819 |     168 |  17.0 |      80 |       2 |   2.4
            +---------+---------+-------+---------+---------+-------
        D:1 |      50 |       0 |   0.0 |      28 |       0 |   0.0
        D:2 |     101 |       0 |   0.0 |      21 |       0 |   0.0
        D:3 |     284 |       0 |   0.0 |      22 |       0 |   0.0
        D:4 |     384 |     168 |  30.4 |       9 |       2 |  18.2
            +---------+---------+-------+---------+---------+-------
